 Dungeon Crawl Stone Soup version 0.20.0-15-g7f486f2 (console) character file.

1899 removed the Thaumaturge (level 8, -1/38 (39) HPs)
             Began as a Spriggan Necromancer on June 10, 2017.
             Was a Priest of Ru.
             Slain by a centaur skeleton (5 damage)
             ... on level 6 of the Dungeon.
             The game lasted 00:13:56 (9811 turns).

removed the Thaumaturge (Spriggan Necromancer)      Turns: 9811, Time: 00:13:56

HP:   -1/38 (39)    AC:  2    Str:  4    XL:     8   Next: 93%
MP:   22/22         EV: 22    Int: 18    God:    Ru [***...]
Gold: 320           SH:  0    Dex: 17    Spells: 21/25 levels left

rFire    . . .     SeeInvis +   a - +4 dagger
rCold    . . .     Gourm    +   (shield restricted)
rNeg     . . .     Faith    .   B - +0 robe
rPois    .         Spirit   .   (helmet restricted)
rElec    .         Reflect  .   (no cloak)
rCorr    .         Harm     .   (gloves unavailable)
MR       +....                  (boots unavailable)
Stlth    ++........             r - amulet of the gourmand
Regen    0.0/turn               (no ring)
MPRegen  0.2/turn               (no ring)

@: non-regenerating, diseased, very quick
A: unfitting armour, see invisible, herbivore 3, speed 3, slow metabolism 2,
inability to use devices, hated by all
a: Draw Out Power, Renounce Religion


You were on level 6 of the Dungeon.
You worshipped Ru.
Ru was most pleased with you.
You were not hungry.

You visited 1 branch of the dungeon, and saw 6 of its levels.

You collected 320 gold pieces.

Inventory:

Hand Weapons
 a - a +4 dagger (weapon)
 u - a +0 trident
Armour
 B - a +0 robe (worn)
Jewellery
 r - an amulet of the gourmand (around neck)
Scrolls
 d - a scroll of teleportation {unknown}
 e - a scroll of fear {unknown}
 h - 5 scrolls of identify {unknown}
 i - a scroll of enchant armour {unknown}
 j - 2 scrolls of recharging {unknown}
 l - 2 scrolls of amnesia {unknown}
 n - a scroll of remove curse {unknown}
 v - a scroll of magic mapping {unknown}
 w - a scroll of blinking {unknown}
 x - a scroll of enchant weapon {unknown}
 C - a scroll of fog {unknown}
Potions
 f - a potion of lignification {unknown}
 g - 5 potions of curing
 m - a potion of mutation {unknown}
 o - 2 potions of flight {unknown}
 q - a potion of cancellation {unknown}
 t - 2 potions of degeneration {unknown}
 z - a potion of haste {unknown}
 A - a potion of heal wounds {unknown}
Books
 b - a book of Necromancy

   Spells                             Type                      Level
   a - Pain                           Necromancy                   1
   b - Animate Skeleton               Necromancy                   1
   c - Vampiric Draining              Necromancy                   3
   d - Regeneration                   Charms/Necromancy            3
   e - Animate Dead                   Necromancy                   4
   f - Control Undead                 Necromancy                   4
 s - a book of Cantrips

   Spells                             Type                      Level
   a - Confusing Touch                Hexes                        1
   b - Animate Skeleton               Necromancy                   1
   c - Summon Small Mammal            Summoning                    1
   d - Apportation                    Translocation                1
Comestibles
 c - 3 bread rations
 k - 2 royal jellies
 p - 8 fruits


   Skills:
 + Level 2.9 Fighting
 + Level 6.3 Dodging
 - Level 3.0 Stealth
 - Level 9.1 Spellcasting
 - Level 7.6 Necromancy


You had 21 spell levels left.
You knew the following spells:

 Your Spells              Type           Power        Failure   Level  Hunger
a - Pain                  Necr           ####         1%          1    None
b - Vampiric Draining     Necr           #####.....   1%          3    None


Dungeon Overview and Level Annotations

Branches:
Dungeon (6/15)             Temple (0/1) D:6

Altars:
Ashenzari
Dithmenos
Elyvilon
Okawaru
Ru
Xom
Yredelemnul
The Shining One

Annotations:
D:2 Sigmund
D:4 Quirk's ghost, amateur VSFi
D:6 salade2fruit's ghost, novice OpCK


Innate Abilities, Weirdness & Mutations

You are very small and have problems with some larger weapons.
You are too small for most types of armour.
You have supernaturally acute eyesight. (SInv)
You are a herbivore.
You cover ground extremely quickly.
You need consume almost no food.
You cannot study or use magical devices.
You are hated by all.


Message History

You hit the centaur skeleton but do no damage.
The centaur skeleton barely misses you.
The centaur skeleton hits you but does no damage.
You hit the centaur skeleton.
The centaur skeleton is lightly damaged.
The centaur skeleton misses you.
You hit the centaur skeleton but do no damage.
The centaur skeleton is lightly damaged.
The centaur skeleton barely misses you.
You hit the centaur skeleton.
The centaur skeleton is moderately damaged.
The centaur skeleton closely misses you.
The centaur skeleton completely misses you.
You hit the centaur skeleton.
The centaur skeleton is moderately damaged.
The centaur skeleton closely misses you.
You hit the centaur skeleton.
The centaur skeleton is severely damaged.
The centaur skeleton hits you.
You die...

### ##......P##...##..#
##.######............####.#
#..............####### ##.
##..............## #)
##......##.......## #.
#######....#######......##
#) #.........## ######..###
##. ..######...########
##.>.####.# ##......Z@.#
##..n....# #########.#
#...†..<## ### #####...#
##..# #..# #..# ####


You could see a centaur skeleton.

Vanquished Creatures
  A sky beast (D:6)
  An orc warrior (D:6)
  An ogre (D:5)
  A necrophage (D:6)
  2 centaurs
  2 bullfrogs (D:6)
  4 scorpions
  A howler monkey (D:6)
  2 bullfrog zombies (D:5)
  2 crimson imps (D:6)
  4 hounds
  A bullfrog skeleton (D:5)
  4 orc wizards
  Terence (D:2)
  Jessica (D:2)
  A centaur skeleton (D:5)
  Natasha (thrice) (D:3)
  2 iguanas
  5 worker ants
  12 adders
  5 gnolls
  2 shadow imps
  An ooze (D:2)
  3 worms
  A dart slug (D:1)
  3 leopard geckos
  13 orcs
  21 bats
  8 giant cockroaches
  3 hobgoblins
  8 jackals
  12 kobolds
  2 quokkas
  2 ball pythons
  7 frilled lizards
  7 goblins
  3 leopard gecko skeletons
  A leopard gecko zombie (D:5)
  10 rats
163 creatures vanquished.

Vanquished Creatures (others)
  2 fungi (D:5)
  A plant (D:6)
3 creatures vanquished.

Grand Total: 166 creatures vanquished

Notes
Turn   | Place    | Note
-------+----------+-------------------------------------------
     0 | D:1      | removed the Spriggan Necromancer began the quest for the Orb.
     0 | D:1      | Reached XP level 1. HP: 9/9 MP: 5/5
   223 | D:1      | Reached skill level 3 in Spellcasting
   615 | D:1      | Reached XP level 2. HP: 10/13 MP: 2/7
  1419 | D:2      | Noticed Terence
  1432 | D:2      | Killed Terence
  1432 | D:2      | Reached skill level 4 in Spellcasting
  1432 | D:2      | Reached XP level 3. HP: 11/16 MP: 1/9
  1588 | D:2      | Found a glowing golden altar of the Shining One.
  2071 | D:2      | Reached XP level 4. HP: 15/21 MP: 6/11
  2414 | D:2      | Noticed Jessica
  2421 | D:2      | Killed Jessica
  2645 | D:2      | Found a sacrificial altar of Ru.
  2676 | D:2      | Became a worshipper of Ru the Awakened
  2769 | D:2      | Reached skill level 5 in Spellcasting
  2769 | D:2      | Reached XP level 5. HP: 19/24 MP: 8/13
  2829 | D:2      | Noticed Sigmund
  3307 | D:3      | Reached skill level 5 in Necromancy
  3485 | D:3      | Found an iron altar of Okawaru.
  3700 | D:3      | Found a white marble altar of Elyvilon.
  3771 | D:3      | Noticed Natasha
  3784 | D:3      | Killed Natasha
  4217 | D:3      | Found a faded altar of an unknown god.
  4259 | D:3      | Noticed Natasha
  4273 | D:3      | Killed Natasha
  4347 | D:4      | Reached XP level 6. HP: 19/28 MP: 11/15
  4529 | D:4      | Gained mutation: You cannot study or use magical devices. [Ru sacrifice]
  4529 | D:4      | Reached * piety under Ru
  4529 | D:4      | Reached ** piety under Ru
  4617 | D:4      | Reached skill level 6 in Spellcasting
  4662 | D:4      | Noticed Quirk's ghost (amateur VSFi)
  5159 | D:4      | Found a shadowy altar of Dithmenos.
  5340 | D:5      | Entered Level 5 of the Dungeon
  5368 | D:5      | Learned a level 3 spell: Vampiric Draining
  5473 | D:5      | Reached skill level 7 in Spellcasting
  5473 | D:5      | Reached XP level 7. HP: 25/32 MP: 10/18
  6750 | D:5      | Reached skill level 8 in Spellcasting
  6978 | D:6      | Reached XP level 8. HP: 19/36 MP: 13/21
  7371 | D:6      | Found a staircase to the Ecumenical Temple.
  7420 | D:6      | Reached skill level 9 in Spellcasting
  7430 | D:6      | Noticed salade2fruit's ghost (novice OpCK)
  7650 | D:3      | Noticed Natasha
  7654 | D:3      | Killed Natasha
  8350 | D:5      | Reached skill level 1 in Fighting
  9404 | D:6      | Found a shattered altar of Ashenzari.
  9420 | D:6      | Reached skill level 5 in Dodging
  9427 | D:6      | Found a shimmering altar of Xom.
  9429 | D:6      | Found a basalt altar of Yredelemnul.
  9454 | D:6      | Gained mutation: You are hated by all. [Ru sacrifice]
  9454 | D:6      | Reached *** piety under Ru
  9811 | D:6      | Slain by a centaur skeleton

Skill      XL: |  1  2  3  4  5  6  7  8 |
---------------+-------------------------+-----
Spellcasting   | 3 4 5 7 8 9 |  9.1
Necromancy     | 4 5 7 |  7.6
Fighting       | 2 |  2.9
Dodging        | 6 |  6.3
Stealth        | |  3.0

Action                   |  1- 3 |  4- 6 |  7- 9 || total
-------------------------+-------+-------+-------++-------
Melee: Unarmed           |       |    11 |       ||    11
       Trident           |       |       |   274 ||   274
       Dagger            |       |       |    45 ||    45
 Cast: Pain              |    59 |   158 |   164 ||   381
       Vampiric Draining |       |       |    13 ||    13
Invok: Sacrifice Artific |       |     1 |       ||     1
       Sacrifice Love    |       |       |     1 ||     1
 Stab: Sleeping          |       |     1 |       ||     1
       Invisible         |       |       |     1 ||     1
  Eat: Bread ration      |       |     1 |       ||     1
Armor: Robe              |       |     2 |    34 ||    36
Dodge: Dodged            |     8 |    37 |   338 ||   383
